Match 34701239
Unlisted

Match 34701239
End
Vickers Machine Gun Team
Construct Section Command Post
Selects Heavy Armor Battlegroup
Infantry Section
Infantry Section
Infantry Section
Construct Platoon Command Post
Selects Engineer Detachments
Humber Armored Car
Selects Light Vehicle Withdraw and Refit
Royal Engineer Section
Humber Armored Car
Humber Armored Car
Selects Radio Net
CMP 15cwt Truck
Light Vehicle Withdraw and Refit
Infantry Section
Construct Company Command Post
6-pounder Anti-tank Gun Team
Crusader II Medium Tank
Foot Guards Section
Selects Recon Artillery
Recon Artillery
Crusader II Medium Tank
Crusader II Medium Tank
Recon Artillery
Selects Crusader AA Medium Tank
Selects UNKNOWN (2162094)
Foot Guards Section
Churchill IV Heavy Tank
Recon Artillery
Foot Guards Section
Strohlama
Pukovnik
matrix4x4
razor33x
Heimdal
Play4Fun(Dk)
Ragnar96
Viktoria Silverbrett
0
0

Comments sign in to comment!

No comments posted yet!